 Dungeon Crawl Stone Soup version 0.25.1-2-g60ff931df9 (webtiles) character file.

Game seed: 13327515208819532336

18856 SanSoy12 the Grappler (level 12, 0/123 HPs)
             Began as a Troll Fighter on Oct 26, 2020.
             Was a Priest of Nemelex Xobeh.
             Slain by a six-headed hydra (7 damage)
             ... on level 1 of the Lair of Beasts.
             The game lasted 00:46:46 (11707 turns).

SanSoy12 the Grappler (Troll Fighter)              Turns: 11707, Time: 00:46:46

Health: 0/123      AC: 14    Str: 31    XL:     12   Next: 31%
Magic:  11/11      EV:  8    Int:  4    God:    Nemelex Xobeh [***...]
Gold:   952        SH: 12    Dex:  9    Spells: 11/11 levels left

rFire    . . .     SeeInvis .   z - +6 flail (holy)
rCold    + + .     Gourm    +   b - +0 kite shield
rNeg     . . .     Faith    .   G - +1 ice dragon scales
rPois    .         Spirit   .   (helmet restricted)
rElec    .         Reflect  .   (no cloak)
rCorr    .         Harm     .   (gloves unavailable)
MR       .....                  (boots unavailable)
Stlth    ..........             e - amulet of regeneration
HPRegen  1.10/turn              (no ring)
MPRegen  0.12/turn              (no ring)

@: mighty
A: large, unfitting armour, claws 3, fire resistance 1, fast metabolism 3,
gourmand, mutation resistance 1, regeneration 1, shaggy fur 1, tough skin 3
a: Draw Escape, Draw Destruction, Draw Summoning, Triple Draw, Renounce Religion


You were on level 1 of the Lair of Beasts.
You worshipped Nemelex Xobeh.
Nemelex Xobeh was most pleased with you.
You were very full.

You visited 3 branches of the dungeon, and saw 13 of its levels.
You also visited: Sewer.

You collected 952 gold pieces.

Inventory:

Hand Weapons
 h - a +1 great sword
 s - a +0 club
 z - a +6 flail of holy wrath (weapon)
 D - a cursed +3 great sword
 L - a +0 giant club
 M - a +0 spear of venom
Armour
 a - a +0 robe
 b - a +0 kite shield (worn)
 o - a +1 pair of boots
 u - +1 acid dragon scales
 G - +1 ice dragon scales (worn)
 I - a +0 troll leather armour
Jewellery
 e - an amulet of regeneration (around neck)
 n - a cursed ring of teleportation
 t - a cursed -4 ring of strength
 v - an uncursed amulet of magic regeneration
 y - an uncursed amulet of the acrobat
Wands
 r - a wand of flame (41)
 w - a wand of digging (4)
 C - a wand of acid (18)
Scrolls
 l - 2 scrolls of teleportation
 q - 6 scrolls of remove curse
 A - 3 scrolls of random uselessness
 E - a scroll of magic mapping
 F - a scroll of blinking
 J - a scroll of torment {unknown}
 N - a scroll of fog
Potions
 c - 2 potions of might
 f - 3 potions of heal wounds
 g - 3 potions of lignification
 i - a potion of ambrosia
 j - 11 potions of curing
 k - 3 potions of degeneration
 m - 2 potions of brilliance
 p - 2 potions of mutation
 x - a potion of flight
 B - 2 potions of stabbing
 H - a potion of berserk rage {unknown}
 K - a potion of haste {unknown}
Comestibles
 d - 22 rations


   Skills:
 + Level 9.1 Fighting
 - Level 2.4 Dodging
 + Level 9.1 Shields
 * Level 14.1 Unarmed Combat


You had 11 spell levels left.
You didn't know any spells.
Your spell library contained the following spells:

 Spells                   Type           Power        Failure   Level  Hunger
 Animate Skeleton         Necr           N/A          80%         1    ##.....
 Pain                     Necr           #...         80%         1    ##.....
 Vampiric Draining        Necr           #.........   99%         3    ####...
 Animate Dead             Necr           N/A          100%        4    #####..
 Cause Fear               Hex            #.........   100%        4    #####..
 Agony                    Necr           #.......     100%        5    ######.
 Silence                  Hex/Air        #.........   100%        5    ######.
 Yara's Violent Unravell  Hex/Tmut       #.........   100%        5    ######.
 Discord                  Hex            #.........   100%        8    #######


Dungeon Overview and Level Annotations

Branches:
Dungeon (11/15)            Temple (1/1) D:4            Lair (1/6) D:11
    Orc (0/2) D:10          Sewer (visited)

Altars:
Ashenzari
Cheibriados
Dithmenos
Elyvilon
Fedhas
Gozag
Hepliaklqana
Kikubaaqudgha
Makhleb
Nemelex Xobeh
Okawaru
Qazlal
Ru
Sif Muna
Trog
Uskayaw
Vehumet
Wu Jian
Xom
Yredelemnul
Zin
The Shining One
Beogh

Shops:
D:7 :

Annotations:
Lair:1 exclusion: oklob plant, Erica


Innate Abilities, Weirdness & Mutations

You are too large for most types of armour.
You have claws for hands.
Your metabolism is lightning-fast.
You like to eat raw meat.
Your natural rate of healing is unusually fast.
You are covered in fur. (AC +1)
You have extremely tough skin. (AC +3)
Your flesh is heat resistant. (rF+)
You are somewhat resistant to further mutation.


Message History

The six-headed hydra bites you but does no damage.
The six-headed hydra bites you!
* * * LOW HITPOINT WARNING * * *
The six-headed hydra closely misses you.
You sock the six-headed hydra!
The six-headed hydra is severely wounded.
The six-headed hydra bites you!
* * * LOW HITPOINT WARNING * * *
The six-headed hydra bites you.
* * * LOW HITPOINT WARNING * * *
The six-headed hydra bites you but does no damage.
The six-headed hydra bites you!
* * * LOW HITPOINT WARNING * * *
The six-headed hydra bites you but does no damage. x2
You block the six-headed hydra's attack.
The six-headed hydra bites you.
* * * LOW HITPOINT WARNING * * *
The six-headed hydra barely misses you. The six-headed hydra bites you!
You die...
Your body disappears without a glow.

##...##.......P..................
#####.#.........##...>...#.......
####%##............#.....#.##.#.#
.....F@................##........
.....H...........................
................>................
.................................
.#............##D.####...........
.....#...#.#...#@## #...........
..#.....#.#...#..# #....###..#.
.....#.#...#..#....# #....#......
.%#.#.#.#.#.#......# #...........
.#.# .....#.....# #....#...... #.
.#....# #........... .. .##....#
#........... . .# ##.###
#....#.#.##. .# #.# #...........


You could see a six-headed hydra.

Vanquished Creatures
  A yaktaur captain (D:10)
  3 death yaks (D:11)
  2 two-headed ogres
  A fire crab (D:11)
  Pikel (D:6)
  An oklob plant (D:6)
  An ugly thing (D:11)
  2 centaur skeletons
  Maggie (D:6)
  A rime drake (D:11)
  A spiny frog (Lair:1)
  A merfolk (D:10)
  4 trolls
  A hornet (D:11)
  Grinder (D:6)
  2 hippogriffs
  A spriggan (D:11)
  A shadow (D:11)
  2 vampires (D:10)
  3 wyverns
  4 yaks (D:11)
  A hungry ghost (D:9)
  A steam dragon (D:11)
  2 wargs (D:11)
  Edmund (D:4)
  Purgy (D:3)
  A porcupine (Lair:1)
  4 water moccasins (Lair:1)
  8 orc warriors
  An ice beast (D:7)
  4 sky beasts
  2 phantoms
  9 ogres
  3 centaurs
  A crocodile (Lair:1)
  6 bullfrogs
  8 big kobolds
  5 gnoll sergeants (D:10)
  4 scorpions
  4 killer bees (D:7)
  4 wights (D:9)
  A howler monkey (D:9)
  2 electric eels
  5 crimson imps
  4 centaur zombies
  A quasit (D:11)
  2 bullfrog zombies
  2 hounds
  4 orc priests
  A bullfrog skeleton (D:7)
  7 jellies
  10 orc wizards
  Terence (D:2)
  3 iguanas
  9 worker ants
  A hound skeleton (D:9)
  2 worker ant zombies
  7 gnolls
  3 river rats (Sewer)
  16 adders
  2 shadow imps
  12 oozes
  An adder skeleton (D:10)
  6 worms
  3 dart slugs
  13 leopard geckos
  44 orcs
  7 bats
  14 giant cockroaches
  10 goblins
  3 hobgoblins
  23 jackals
  15 kobolds
  A quokka (D:8)
  2 ball pythons
  7 frilled lizards
  A leopard gecko skeleton (D:4)
  2 quokka skeletons
  A quokka zombie (D:5)
  13 rats
366 creatures vanquished.

Vanquished Creatures (collateral kills)
  Snorg (D:10)
  A scorpion (D:10)
  An orc wizard (D:10)
  4 orcs
7 creatures vanquished.

Vanquished Creatures (others)
  3 slaves (D:6)
  A scorpion (D:6)
  A hound (D:6)
  3 jellies (D:6)
  An adder (D:6)
  4 oozes (D:6)
  5 fungi (D:6)
18 creatures vanquished.

Grand Total: 391 creatures vanquished

Notes
Turn   | Place    | Note
-------+----------+-------------------------------------------
     0 | D:1      | SanSoy12 the Troll Fighter began the quest for the Orb.
     0 | D:1      | Reached XP level 1. HP: 22/22 MP: 0/0
    38 | D:1      | Reached XP level 2. HP: 5/29 MP: 1/1
    39 | D:1      | HP: 1/29 [kobold/+0 short sword (5)]
    54 | D:1      | Found an ancient bone altar of Kikubaaqudgha.
   370 | D:1      | Reached XP level 3. HP: 34/36 MP: 2/2
   440 | D:1      | Reached skill level 3 in Unarmed Combat
   680 | D:2      | Found a stormy altar of Qazlal.
   681 | D:2      | Found a shattered altar of Ashenzari.
   738 | D:2      | Noticed Terence
   762 | D:2      | Killed Terence
   762 | D:2      | Reached XP level 4. HP: 35/44 MP: 3/3
  1034 | D:2      | Found a shadowy altar of Dithmenos.
  1408 | D:3      | Reached skill level 4 in Unarmed Combat
  1408 | D:3      | Reached XP level 5. HP: 41/53 MP: 4/4
  1491 | D:3      | Found a shattered altar of Ashenzari.
  1496 | D:3      | Saw a vision of the Shoals and the Spider Nest.
  1496 | D:3      | Noticed a wolf spider
  1496 | D:3      | Noticed a merfolk
  1496 | D:3      | Noticed a wolf spider
  1496 | D:3      | Noticed a merfolk
  1496 | D:3      | Noticed a centaur
  1496 | D:3      | Noticed a wolf spider
  1496 | D:3      | Noticed a merfolk siren
  1496 | D:3      | Noticed a redback
  1496 | D:3      | Noticed a merfolk
  1496 | D:3      | Noticed a hippogriff
  1496 | D:3      | Noticed a hippogriff
  1496 | D:3      | Noticed a hippogriff
  1496 | D:3      | Noticed a redback
  1496 | D:3      | Noticed a hippogriff
  1496 | D:3      | Noticed a wolf spider
  1496 | D:3      | Noticed a sea snake
  1497 | D:3      | Noticed a merfolk
  1721 | D:3      | Noticed Purgy
  1811 | D:3      | Killed Purgy
  1811 | D:3      | Reached XP level 6. HP: 45/61 MP: 5/5
  2079 | D:4      | Reached skill level 5 in Unarmed Combat
  2190 | D:4      | Found a snail-covered altar of Cheibriados.
  2259 | D:4      | Found an iron altar of Okawaru.
  2323 | D:4      | Noticed Edmund
  2339 | D:4      | Killed Edmund
  2339 | D:4      | Reached XP level 7. HP: 56/68 MP: 6/6
  2492 | D:4      | Found a white marble altar of Elyvilon.
  2675 | D:4      | Found a staircase to the Ecumenical Temple.
  2706 | Temple   | Entered the Ecumenical Temple
  2780 | Temple   | Became a worshipper of Nemelex Xobeh the Trickster
  2871 | D:4      | Received a gift from Nemelex Xobeh
  3103 | D:5      | Entered Level 5 of the Dungeon
  3234 | D:5      | Found a hazy altar of Hepliaklqana.
  3259 | D:5      | Reached skill level 6 in Unarmed Combat
  3358 | D:5      | Received a gift from Nemelex Xobeh
  3466 | D:5      | Found a sacrificial altar of Ru.
  3540 | D:5      | Found a glowing drain.
  3552 | Sewer    | Entered a sewer
  3655 | Sewer    | Reached XP level 8. HP: 79/79 MP: 7/7
  3850 | Sewer    | Reached skill level 7 in Unarmed Combat
  4157 | D:6      | Reached * piety under Nemelex Xobeh
  4240 | D:6      | Noticed Maggie
  4241 | D:6      | Noticed Pikel
  4258 | D:6      | Killed Pikel
  4258 | D:6      | Reached skill level 5 in Fighting
  4258 | D:6      | Reached skill level 5 in Shields
  4258 | D:6      | Reached skill level 8 in Unarmed Combat
  4267 | D:6      | Killed Maggie
  4267 | D:6      | Reached XP level 9. HP: 28/88 MP: 8/8
  4514 | D:6      | Found a shimmering altar of Xom.
  4606 | D:6      | Reached skill level 9 in Unarmed Combat
  4672 | D:6      | Found a burning altar of Makhleb.
  4673 | D:6      | Found a blossoming altar of Fedhas.
  4674 | D:6      | Noticed a green death
  4676 | D:6      | Found a glowing silver altar of Zin.
  4677 | D:6      | Noticed an angel
  4763 | D:6      | Noticed Grinder
  4763 | D:6      | Paralysed by Grinder for 5 turns
  4772 | D:6      | Paralysed by Grinder for 2 turns
  4778 | D:6      | Killed Grinder
  4855 | D:6      | Noticed an oklob plant
  4945 | D:6      | Found an opulent altar of Gozag.
  5030 | D:6      | Killed an oklob plant
  5424 | D:7      | Reached skill level 10 in Unarmed Combat
  5592 | D:7      | Reached ** piety under Nemelex Xobeh
  5629 | D:7      | Found a radiant altar of Vehumet.
  5707 | D:7      | Reached XP level 10. HP: 92/100 MP: 9/9
  5892 | D:7      | Found Diz Ite's Book Emporium.
  6680 | D:8      | Received a gift from Nemelex Xobeh
  6875 | D:8      | Gained mutation: Your flesh is heat resistant. (rF+)
                  | [potion of mutation]
  6875 | D:8      | Gained mutation: You are somewhat resistant to further
                  | mutation. [potion of mutation]
  6992 | D:8      | Found a roughly hewn altar of Beogh.
  7348 | D:8      | Reached skill level 11 in Unarmed Combat
  7631 | D:8      | Noticed a two-headed ogre
  7638 | D:8      | Killed a two-headed ogre
  7919 | D:9      | Noticed a two-headed ogre
  7933 | D:9      | Killed a two-headed ogre
  7937 | D:9      | Reached skill level 12 in Unarmed Combat
  7974 | D:9      | Reached *** piety under Nemelex Xobeh
  7974 | D:9      | Received a gift from Nemelex Xobeh
  8077 | D:9      | Reached XP level 11. HP: 109/109 MP: 10/10
  8457 | D:10     | Entered Level 10 of the Dungeon
  8460 | D:10     | Received a gift from Nemelex Xobeh
  8652 | D:10     | Noticed a yaktaur captain
  8917 | D:10     | Found a staircase to the Orcish Mines.
  8953 | D:10     | Noticed Snorg
  8976 | D:10     | Killed Snorg
 10278 | D:10     | Killed a yaktaur captain
 10278 | D:10     | Reached skill level 13 in Unarmed Combat
 10399 | D:11     | Noticed a death yak
 10399 | D:11     | Noticed a death yak
 10419 | D:11     | Noticed a death yak
 10425 | D:11     | Noticed a green ugly thing
 10430 | D:11     | Killed a death yak
 10439 | D:11     | Killed a death yak
 10448 | D:11     | Killed a death yak
 10460 | D:11     | Noticed a fire crab
 10460 | D:11     | a cyclops changed into a fire crab
 10469 | D:11     | Found a staircase to the Lair.
 10479 | D:11     | Reached XP level 12. HP: 36/122 MP: 11/11
 10740 | D:11     | Found a frozen archway.
 10870 | D:11     | Found a gate leading to a gauntlet.
 11062 | D:11     | Reached skill level 14 in Unarmed Combat
 11160 | Lair:1   | Entered Level 1 of the Lair of Beasts
 11160 | Lair:1   | Received a gift from Nemelex Xobeh
 11361 | Lair:1   | Noticed Erica
 11375 | Lair:1   | Noticed a four-headed hydra
 11380 | Lair:1   | HP: 4/123 [hippogriff (3)]
 11385 | Lair:1   | HP: 4/123 [poisoned by a spiny frog]
 11676 | Lair:1   | Received a gift from Nemelex Xobeh
 11707 | Lair:1   | Slain by a six-headed hydra

Illustrated notes

Levels and vault maps discovered:
D:1:      sevenhm_arrival_forest_fort_small_6, layout_rooms
D:2:      layout_rooms, gammafunk_temple_overflow_statue, serial_glass,
          glass_columns_b, glass_columns_c, glass_columns_c, glass_columns_b,
          glass_columns_b, minmay_strange_pillars, feat_on_display,
          kennysheep_path_1, grunt_dithmenos_smoke, uniq_terence
D:3:      layout_loops_cross, grunt_ashenzari_visionary
          [grunt_ashenzari_visionary_shoals, grunt_ashenzari_visionary_spider],
          uniq_purgy
D:4:      layout_loops_corners, elyvilon_altar_3, okawaru_ov_weapons_minmay,
          lemuel_doored_altar, temple_green, uniq_edmund
D:5:      layout_gridville, kennysheep_mini, gup_sewer_entry_pipe, first_ration,
          minmay_misc_feat_four_crosses, nicolae_ru_awakened_eye
D:6:      lemuel_slime, layout_rooms, grunt_temple_overflow_order_and_chaos_2,
          fedhas_altar_3, xom_confusion_cloud,
          nicolae_gozag_cash_rules_everything_around_me,
          chequers_serial_rivers_small_a, kennysheep_generic_room_5, uniq_pikel,
          uniq_maggie, uniq_grinder
D:7:      minmay_inner_zag, layout_loops_corners, lemuel_round_altar,
          serial_shops, shop
D:8:      layout_basic, special_room [special_room_orc]
D:9:      minmay_s_stair_smasher, layout_long_grid
D:10:     layout_roguey, kennysheep_orc_monster_closet_entryway,
          hangedman_stone_soup, kennysheep_island_fort, uniq_snorg
D:11:     layout_basic, dpeg_lair_monsters, portal_ice_cave_entry_pillars_2,
          gauntlet_entry_generic
Temple:   nicolae_temple_figure_zero
Lair:1:   lemuel_reptile_caves, layout_regular_city, minivault_23, st_stairs_3,
          minmay_lair_oklob_bushes, lemuel_fruit_fields, uniq_erica

Skill      XL: |  1  2  3  4  5  6  7  8  9 10 11 12 |
---------------+-------------------------------------+-----
Unarmed Combat | 3 4 5 6 8 10 12 13 14 | 14.1
Shields        | 3 4 5 6 7 8 9 |  9.1
Fighting       | 3 4 5 6 7 8 9 |  9.1
Dodging        | |  2.4

Action                   |  1- 3 |  4- 6 |  7- 9 | 10-12 || total
-------------------------+-------+-------+-------+-------++-------
Melee: Unarmed           |   128 |   182 |   349 |   502 ||  1161
       Flail             |       |       |       |     3 ||     3
Invok: Draw Destruction  |       |       |     3 |     6 ||     9
       Draw Summoning    |       |       |       |     2 ||     2
       Draw Escape       |       |       |       |     3 ||     3
       Triple Draw       |       |       |       |     1 ||     1
  Use: Scroll            |     3 |     3 |     8 |    14 ||    28
       Potion            |       |     1 |       |     4 ||     5
  Eat: Chunk             |    12 |    15 |    33 |    51 ||   111
       Ration            |       |       |       |     2 ||     2
Armor: Robe              |    57 |    57 |    53 |       ||   167
       Acid dragon scale |       |       |    47 |    35 ||    82
       Ice dragon scales |       |       |       |   126 ||   126
Dodge: Dodged            |    45 |    65 |    85 |   113 ||   308
Block: Kite shield       |    70 |    72 |   147 |   216 ||   505
